 Dungeon Crawl Stone Soup version 0.25.0-1-g7eea58d (webtiles) character file.

Game seed: 17312770648053543064

167 auberdahn the Sneak (level 5, -3/32 HPs)
             Began as a Kobold Assassin on June 17, 2020.
             Slain by an orc
             ... wielding a +0 hand axe
              (7 damage)
             ... on level 4 of the Dungeon.
             The game lasted 00:02:56 (4778 turns).

auberdahn the Sneak (Kobold Assassin)               Turns: 4778, Time: 00:02:57

Health: -3/32      AC:  4    Str:  8    XL:     5   Next: 76%
Magic:  5/5        EV: 15    Int: 13    God:
Gold:   159        SH:  0    Dex: 17    Spells: 4/4 levels left

rFire    . . .     SeeInvis .   a - +2 dagger
rCold    . . .     Gourm    .   (shield restricted)
rNeg     . . .     Faith    .   b - +0 robe
rPois    .         Spirit   .   i - +0 helmet
rElec    .         Reflect  .   c - +0 cloak
rCorr    .         Harm     .   (no gloves)
MR       .....                  (no boots)
Stlth    ++++......             q - amulet of magic regeneration
HPRegen  0.10/turn              (no ring)
MPRegen  0.34/turn              (no ring)

@: slowed, very slow
A: small, carnivore
a: no special abilities


You were on level 4 of the Dungeon.
You were very full.

You visited 1 branch of the dungeon, and saw 4 of its levels.

You collected 159 gold pieces.

Inventory:

Hand Weapons
 a - a +2 dagger (weapon)
 n - a +0 dagger of flaming
Missiles
 d - 17 poisoned darts (quivered)
 e - 2 curare-tipped darts {!f}
Armour
 b - a +0 robe (worn)
 c - a +0 cloak (worn)
 i - a +0 helmet (worn)
Jewellery
 q - an amulet of magic regeneration (around neck)
Scrolls
 h - 3 scrolls of identify {unknown}
 k - 3 scrolls of teleportation {unknown}
 l - a scroll of amnesia {unknown}
 m - a scroll of enchant armour {unknown}
 o - a scroll of magic mapping {unknown}
 r - 2 scrolls of remove curse {unknown}
 s - a scroll of immolation {unknown}
Potions
 j - a potion of haste {unknown}
Comestibles
 f - 7 rations {!d}


   Skills:
 + Level 3.2 Fighting
 * Level 4.8 Short Blades
 - Level 2.1 Throwing
 + Level 1.8 Dodging
 * Level 7.0 Stealth


You had 4 spell levels left.
You didn't know any spells.
Your spell library was empty.

Dungeon Overview and Level Annotations

Branches:
Dungeon (4/15)
 Temple: D:4-7

Altars:

Portals:
Abyss: D:3

Annotations:
D:3 2 transporters, abdallah's ghost, amateur FoFi


Innate Abilities, Weirdness & Mutations

You are small and have problems with some larger weapons.
You are carnivorous and can eat meat at any time.


Message History

Something hits you but does no damage. The orc closely misses you.
The orc wizard closely misses you.
You closely miss the orc wizard.
The orc wizard is severely wounded.
Something hits you.
* * * LOW HITPOINT WARNING * * *
The orc closely misses you.
The orc wizard hits you but does no damage.
You hit the orc wizard.
The orc wizard is almost dead.
Something hits you but does no damage. Something hits you.
* * * LOW HITPOINT WARNING * * *
The orc closely misses you.
The orc wizard casts a spell.
The orc wizard seems to speed up.
You closely miss the orc wizard.
The orc wizard is almost dead.
Something barely misses you. The orc wizard barely misses you.
The orc hits you with a +0 hand axe!
You die...

#...................####..##
#.....................##..### #
............................### #
..............................###
.........................##......
.....###.......#..........###....
....## #.....#####........# ###..
#.### #.....##.oo........## ##.
#.######........@{..#......#####.
#.....##........#####.......#....
...............## ##.....[.....
###.............# #.......#...
####..........## ##..######..
####..###...### #..## ##. #..#
###...###..# ##. #..# ##....[..#
###.. #..# ###.......#####....


You could see an orc wizard (fast) and an orc.

Vanquished Creatures
  A worker ant (D:3)
  7 adders
  An ooze (D:3)
  A worm (D:4)
  3 dart slugs (D:1)
  A leopard gecko (D:1)
  4 giant cockroaches
  6 goblins
  11 hobgoblins
  3 jackals (D:3)
  8 kobolds
  3 quokkas (D:2)
  4 bats
  8 frilled lizards
  A jackal zombie (D:4)
  6 rats
68 creatures vanquished.

Notes
Turn   | Place    | Note
-------+----------+-------------------------------------------
     0 | D:1      | auberdahn the Kobold Assassin began the quest for the Orb.
     0 | D:1      | Reached XP level 1. HP: 12/12 MP: 1/1
   283 | D:1      | Reached XP level 2. HP: 4/18 MP: 2/2
   965 | D:1      | Reached XP level 3. HP: 22/22 MP: 3/3
  1596 | D:2      | Reached skill level 6 in Stealth
  2020 | D:2      | Reached XP level 4. HP: 20/27 MP: 4/4
  2702 | D:3      | Reached XP level 5. HP: 8/32 MP: 5/5
  3100 | D:3      | Found a one-way gate to the infinite horrors of the Abyss.
  3100 | D:3      | Noticed abdallah's ghost (amateur FoFi)
  3107 | D:3      | Found a transporter.
  3362 | D:3      | Found a transporter.
  3371 | D:3      | Noticed a small abomination
  3388 | D:3      | Noticed a small abomination
  4026 | D:3      | Reached skill level 7 in Stealth
  4778 | D:4      | Slain by an orc

Illustrated notes

Levels and vault maps discovered:
D:1:      dpeg_arrival_pits, layout_loops_ring
D:2:      layout_loops_cross
D:3:      layout_loops_ring, gammafunk_ghost_abyssal_escape
D:4:      layout_layer_cave

Skill      XL: |  1  2  3  4  5 |
---------------+----------------+-----
Short Blades   | 3 4 |  4.8
Stealth        | 6 7 |  7.0
Fighting       | 3 |  3.2
Throwing       | |  2.1
Dodging        | |  1.8

Action                   |  1- 3 |  4- 6 || total
-------------------------+-------+-------++-------
Melee: Dagger            |   120 |   189 ||   309
  Use: Potion            |       |     4 ||     4
 Stab: Sleeping          |     5 |    11 ||    16
  Eat: Chunk             |    12 |     8 ||    20
Armor: Robe              |    14 |    41 ||    55
Dodge: Dodged            |    64 |   118 ||   182
